 Dungeon Crawl Stone Soup version 0.31.0-11-ge490571c62 (webtiles) character file.

Game seed: 2462706292048491232

3065 FinalFate the Basher (level 9, -6/82 HPs)
             Began as a Minotaur Berserker on Feb 9, 2024.
             Was an Elder of Trog.
             Mangled by Joseph
             ... wielding a +0 quarterstaff
              (10 damage)
             ... on level 7 of the Dungeon.
             The game lasted 00:15:18 (5836 turns).

FinalFate the Basher (Minotaur Berserker)           Turns: 5836, Time: 00:15:19

Health: -6/82      AC:  6    Str: 28    XL:     9   Next: 57%
Magic:  8/8        EV: 13    Int:  4    God:    Trog [****..]
Gold:   391        SH:  0    Dex: 10    Spells: 8/8 levels left

rFire   + . .        v - +2 whip (flame)
rCold   + . .        (no shield)
rNeg    . . .        j - +1 leather armour of Inevitability {rPois Str+2}
rPois   +            (helmet restricted)
rElec   .            B - scarf {rC+ rF+}
rCorr   +            (no gloves)
SInv    .            a - +0 pair of boots
Will    .....        (no amulet)
Stlth   +            c - ring of resist corrosion
HPRegen 0.33/turn    (no ring)
MPRegen 0.11/turn

%: no passive effects
@: no status effects
A: horns 2, retaliatory headbutt
a: Renounce Religion, Berserk, Trog's Hand, Brothers in Arms


You were on level 7 of the Dungeon.
You worshipped Trog.
Trog was greatly pleased with you.
You visited 1 branch of the dungeon, and saw 7 of its levels.

You collected 391 gold pieces.

Inventory:

Hand Weapons
 v - a +2 whip of flaming (weapon)
Armour
 a - a +0 pair of boots (worn)
 j - the +1 leather armour of Inevitability (worn) {rPois Str+2}
   (You found it on level 2 of the Dungeon)

   Str+2:     It affects your strength (+2).
   rPois:     It protects you from poison
 B - a scarf of resistance (worn)
Jewellery
 c - a ring of resist corrosion (left hand)
 l - a +6 ring of strength
Wands
 n - a wand of quicksilver (1)
 t - a wand of charming (12)
Scrolls
 e - a scroll of teleportation {unknown}
 f - a scroll of fog {unknown}
 g - a scroll of identify
 i - 2 scrolls of torment {unknown}
 m - a scroll of poison {unknown}
 o - a scroll of summoning {unknown}
 p - a scroll of silence {unknown}
 s - a scroll of amnesia {unknown}
 w - 2 scrolls of noise
 x - 3 scrolls of revelation {unknown}
 z - a scroll of fear {unknown}
Potions
 b - 2 potions of berserk rage
 d - 3 potions of enlightenment
 q - 2 potions of attraction {unknown}
 r - a potion of might {unknown}
 u - 3 potions of magic {unknown}
 A - a potion of degeneration {unknown}


   Skills:
 * Level 8.9 Fighting
 * Level 11.1 Maces & Flails
 * Level 6.5 Armour
 * Level 6.1 Dodging
 + Level 1.2 Evocations


You had 8 spell levels left.
You didn't know any spells.
Your spell library was empty.

Dungeon Overview and Level Annotations

Branches:
Dungeon (7/15)             Temple (0/1) D:4

Altars:
Cheibriados
Elyvilon
Makhleb
Okawaru

Shops:
D:6 :*=

Annotations:
D:7 Joseph


Innate Abilities, Weirdness & Mutations

You have a pair of horns on your head.
You reflexively headbutt those who attack you in melee.


Message History

A shadow imp is nearby!
Joseph, a Mercenary comes into view.
He is wielding a +0 quarterstaff.
Joseph shouts!
Joseph unwields a +0 quarterstaff.
Joseph wields a +0 sling.
Joseph shoots a sling bullet.
The sling bullet misses you.
You closely miss the shadow imp. You headbutt the shadow imp.
The shadow imp is lightly wounded.
You hit the shadow imp. You burn the shadow imp.
You headbutt the shadow imp, but do no damage.
The shadow imp is moderately wounded.
The shadow imp hits you but does no damage.
Joseph shoots a sling bullet.
The sling bullet hits you!!
You whack the shadow imp! You burn the shadow imp.
You kill the shadow imp!
Trog accepts your kill.
Joseph shoots a sling bullet.
The sling bullet hits you!
You are too injured to fight recklessly!
You are too injured to fight recklessly!
You are too injured to fight recklessly!
You are too injured to fight recklessly!
Joseph shoots a sling bullet.
The sling bullet hits you!!
* * * LOW HITPOINT WARNING * * *
Joseph shoots a sling bullet.
The sling bullet hits you!
* * * LOW HITPOINT WARNING * * *
Joseph unwields a +0 sling.
Joseph wields a +0 quarterstaff.
Joseph hits you with a +0 quarterstaff!
* * * LOW HITPOINT WARNING * * *
Aiming: Quicksilver Bolt
Press: ? - help, Q - select action, (/) - cycle Shift-Dir - straight line, f - Joseph
Aim: Joseph, wielding a +0 quarterstaff and wearing a +0 leather armour (71% to hit)
The bolt of dispelling energy hits Joseph!
Joseph is moderately wounded.
Joseph barely misses you.
Aiming: Quicksilver Bolt
Press: ? - help, Q - select action, (/) - cycle Shift-Dir - straight line, f/p - Joseph
Aim: Joseph, wielding a +0 quarterstaff and wearing a +0 leather armour (moderately wounded, 71% to hit)
The bolt of dispelling energy hits Joseph!
Joseph is moderately wounded.
Joseph hits you with a +0 quarterstaff!
You die...

#............
#............#
#............#
+........>...######
...#
#.................#
...+
+....$............#
...#
#..................
...#
#..............#
...# #..........@@#
...# #.............#
...# #.............#
...######'##.......+
..........##.....[.#
###.#####.##)......#
#.# #...##.......#
#.# #...##........
#.# #...# +###


You could see Joseph.

Vanquished Creatures
  The ghost of Tomate the Trooper, a novice OpCK of Xom (D:5)
  A hornet (D:6)
  Sigmund (D:5)
  A water moccasin (D:6)
  Pargi (D:4)
  A sky beast (D:7)
  An ice beast (D:6)
  An ogre (D:6)
  A centaur (D:5)
  2 phantoms (D:5)
  A kobold brigand (D:6)
  Blork the orc (D:4)
  A gnoll sergeant (D:6)
  4 scorpions
  4 bullfrogs
  4 killer bees
  2 bombardier beetles
  3 hounds
  2 orc priests
  A gnoll bouda (D:5)
  6 iguanas
  3 orc wizards
  8 gnolls
  7 adders
  5 shadow imps
  2 white imps
  5 ufetubi
  3 dart slugs
  2 ribbon worms (D:4)
  21 orcs
  5 endoplasms
  8 giant cockroaches
  6 goblins
  5 hobgoblins
  12 kobolds
  2 quokkas
  7 ball pythons
  6 bats
  5 frilled lizards
  5 rats
157 creatures vanquished.

Notes
Turn   | Place    | Note
-------+----------+-------------------------------------------
     0 | D:1      | FinalFate the Minotaur Berserker began the quest for the
                  | Orb.
     0 | D:1      | Reached XP level 1. HP: 19/19 MP: 0/0
   106 | D:1      | Reached XP level 2. HP: 20/27 MP: 1/1
   372 | D:1      | Reached skill level 4 in Maces & Flails
   999 | D:2      | Reached XP level 3. HP: 31/34 MP: 2/2
  1029 | D:2      | Reached ** piety under Trog
  1345 | D:2      | Identified the +1 leather armour of Inevitability {rPois
                  | Str+2}
  1689 | D:2      | Found a burning altar of Makhleb.
  1910 | D:3      | Found a white marble altar of Elyvilon.
  1948 | D:3      | Reached XP level 4. HP: 41/41 MP: 3/3
  2152 | D:3      | Reached skill level 5 in Maces & Flails
  2188 | D:3      | Found a faded altar of an unknown god.
  2330 | D:3      | Reached XP level 5. HP: 22/47 MP: 4/4
  2765 | D:4      | Reached *** piety under Trog
  2766 | D:4      | Reached skill level 6 in Maces & Flails
  2974 | D:4      | Reached skill level 5 in Fighting
  3032 | D:4      | Reached XP level 6. HP: 44/56 MP: 5/5
  3091 | D:4      | Noticed Pargi
  3098 | D:4      | Killed Pargi
  3175 | D:4      | Found a staircase to the Ecumenical Temple.
  3408 | D:4      | Found a snail-covered altar of Cheibriados.
  3420 | D:4      | Noticed Blork the orc
  3428 | D:4      | Killed Blork the orc
  3656 | D:5      | Entered Level 5 of the Dungeon
  3677 | D:5      | Reached skill level 7 in Maces & Flails
  3825 | D:5      | Reached XP level 7. HP: 43/61 MP: 6/6
  3958 | D:5      | Noticed Sigmund
  3961 | D:5      | Killed Sigmund
  3962 | D:5      | Reached skill level 8 in Maces & Flails
  3962 | D:5      | Reached skill level 5 in Armour
  4029 | D:5      | Found a runed translucent door.
  4035 | D:5      | Noticed Tomate's ghost (novice OpCK)
  4205 | D:5      | Found an iron altar of Okawaru.
  4205 | D:5      | Found a runed translucent door.
  4216 | D:5      | Found the +0 toga "Victory" {*Victory Clar}
  4235 | D:5      | Reached XP level 8. HP: 23/70 MP: 7/7
  4676 | D:5      | Reached **** piety under Trog
  4677 | D:5      | Reached skill level 9 in Maces & Flails
  4708 | D:5      | Killed Tomate's ghost
  4709 | D:5      | Reached skill level 5 in Dodging
  4709 | D:5      | Reached skill level 1 in Evocations
  4961 | D:6      | Reached skill level 10 in Maces & Flails
  4961 | D:6      | Reached XP level 9. HP: 80/80 MP: 8/8
  5057 | D:6      | Found Qeidon's General Store.
  5059 | D:6      | Found Cimmiemn's Jewellery Emporium.
  5059 | D:6      | Found Asuch's Book Emporium.
  5306 | D:6      | Identified the +4 hand axe of Ash {flame, rPois rC- rCorr
                  | Str+4}
  5650 | D:7      | Reached skill level 11 in Maces & Flails
  5826 | D:7      | Noticed Joseph
  5834 | D:7      | HP: 4/82 [Joseph/+0 quarterstaff (14)]
  5836 | D:7      | Mangled by Joseph

Illustrated notes

Levels and vault maps discovered:
D:1:      dpeg_arrival_rooms_with_view, layout_basic, dk_noncrumbling_2,
          chequers_serial_rivers_room_b
D:2:      layout_loops_ring, basic_altar, st_stairs_3, grunt_decor_clamped
D:3:      layout_loops_ring, mainiacjoe_overflow_catwalk,
          dreamdust_ecumenical_altar_grove
D:4:      layout_gridville, slow_altar_1, minmay_temple_entry_hall,
          nrook_campfire, serial_bayou_pond_c, nicolae_houndstooth_variations,
          uniq_blork_the_orc, uniq_pargi
D:5:      layout_loops_cross, nicolae_overflow_guarded_unrand_okawaru_victory,
          ebering_ghost_sewer_d, uniq_sigmund
D:6:      cheibrodos_fzero, layout_gridville,
          nicolae_shop_distant_corner_stores, minmay_statues_item
D:7:      layout_basic, nicolae_vehumet_altar_sigil, mainiacjoe_overflow_paths,
          serial_shops, shop, uniq_joseph

Skill      XL: |  1  2  3  4  5  6  7  8  9 |
---------------+----------------------------+-----
Fighting       | 4 5 6 7 8 |  8.9
Maces & Flails | 4 5 6 7 8 10 11 | 11.1
Armour         | 3 4 5 6 |  6.5
Dodging        | 3 4 5 6 |  6.1
Evocations     | 1 |  1.2

Action                     |  1- 3 |  4- 6 |  7- 9 || total
---------------------------+-------+-------+-------++-------
  Melee: Mace              |    79 |    39 |       ||   118
         Headbutt          |     9 |    19 |    42 ||    70
         Whip              |       |    82 |   216 ||   298
         Punch             |       |       |     3 ||     3
 Invoke: Trog's Hand       |       |       |     1 ||     1
  Evoke: Wand              |       |     4 |     9 ||    13
    Use: Scroll            |       |       |     4 ||     4
         Potion            |       |       |     3 ||     3
 Armour: Animal skin       |    18 |       |       ||    18
         Ring mail         |    19 |       |       ||    19
         Leather armour    |     3 |    70 |   104 ||   177
  Dodge: Dodged            |    60 |    73 |    96 ||   229
